AoeStats
← jphilkill

Black Forest

508640976Analyzed
4v4 RM · 9d ago on Sep 23, 2026· 44m 57s· 8 players
Game mode
Random Map
Map size
Large (8 player)
Population
200
Speed
Normal
Resources
Standard
Victory
Conquest
Starting age
Dark Age
Ending age
Imperial Age
RankedLock teamsTeams togetherTeam positionsShared explorationLock speedFull tech treeHidden civsTurbo modeCheats
Victory
Defeat
🇳🇱 Turks · Netherlands
839
+15
🇩🇪 Celts · Germany
831
+16
🇸🇪 Khitans · Sweden
815
+16
🇬🇧 Danes · United Kingdom
801
+17
🇨🇳 Franks · China
894
-18
🇨🇳 Khmer · China
848
-17
🇧🇷 Britons · Brazil
820
-16
🇨🇳 Gurjaras · China
742
-13
Shaun
2:09 Loom
15:10 Feudal Age
19:22 Double-Bit Axe
25:02 Castle Age
27:44 Caravan
32:12 Scale Mail Armor
32:22 Forging
33:27 Bow Saw
37:10 Imperial Age
35:19 Wheelbarrow
37:17 Chain Mail Armor
37:37 Iron Casting
38:26 Iron Casting
37:18 Elite Jomsviking
41:07 Plate Mail Armor
41:38 Blast Furnace
WaterfietsXL
1:42 Loom
14:38 Feudal Age
16:18 Double-Bit Axe
21:43 Castle Age
20:40 Stone Mining
23:03 Bow Saw
25:28 Horse Collar
26:43 Heavy Plow
26:38 Gold Mining
28:28 Caravan
31:51 Wheelbarrow
35:10 Imperial Age
32:30 Town Watch
34:51 Hand Cart
34:41 Town Patrol
35:05 Ballistics
35:29 Elite Janissary
37:13 Conscription
36:40 Capped Ram
38:40 Siege Ram
HEJI
0:55 Loom
15:31 Feudal Age
18:47 Domestication
18:54 Double-Bit Axe
18:57 Fishing Lines
25:00 Castle Age
24:08 Wheelbarrow
25:16 Town Watch
26:45 Caravan
27:09 Pastoralism
27:27 Bow Saw
28:09 Stone Mining
29:13 Gillnets
34:24 Imperial Age
32:10 Hand Cart
34:29 Fortified Wall
36:10 Conscription
39:07 Transhumance
38:44 Elite Liao Dao
39:00 Elite Steppe Lancer
39:41 Husbandry
41:05 Forging
40:56 Scale Mail Armor
41:02 Scale Barding Armor
41:15 Ordo Cavalry
41:08 Fletching
42:50 Two-Man Saw
42:19 Ballistics
43:22 Heavy Camel Rider
44:42 Gold Mining
45:27 Stone Shaft Mining
jphilkill
0:32 Loom
19:01 Feudal Age
24:12 Castle Age
22:18 Double-Bit Axe
22:42 Horse Collar
25:16 Wheelbarrow
25:37 Gold Mining
31:17 Hand Cart
35:34 Pikeman
38:04 Bow Saw
38:01 Scale Mail Armor
40:20 Heavy Plow
43:36 Forging
43:42 Chain Mail Armor
MTYDRxiaohei
4:01 Loom
13:02 Feudal Age
14:45 Double-Bit Axe
18:00 Castle Age
20:09 Bow Saw
27:00 Wheelbarrow
30:40 Imperial Age
28:52 Hand Cart
29:47 Scale Barding Armor
30:01 Husbandry
30:13 Bloodlines
30:44 Ballistics
31:16 Horse Collar
32:09 Double Crossbow
33:07 Caravan
33:11 Light Cavalry
34:19 Conscription
34:39 Hussar
35:27 Heavy Scorpion
36:50 Forging
37:01 Chain Barding Armor
36:06 Elite Ballista Elephant
38:09 Iron Casting
38:58 Chemistry
38:03 Siege Engineers
38:09 Careening
dangoca
0:39 Loom
15:52 Feudal Age
20:21 Horse Collar
26:22 Castle Age
27:38 Heavy Plow
31:24 Double-Bit Axe
31:51 Pikeman
西百拉米
4:21 Loom
12:06 Feudal Age
12:54 Town Watch
13:45 Wheelbarrow
13:58 Double-Bit Axe
14:50 Horse Collar
15:21 Gold Mining
20:04 Castle Age
19:20 Forging
20:14 Scale Mail Armor
20:21 Scale Barding Armor
21:41 Bow Saw
22:04 Stone Mining
23:32 Heavy Plow
24:35 Stone Shaft Mining
25:57 Hand Cart
26:22 Gold Shaft Mining
26:15 Town Patrol
28:56 Iron Casting
28:42 Chain Barding Armor
29:08 Caravan
31:46 Kshatriyas
33:37 Chain Mail Armor
34:17 Bloodlines
34:08 Husbandry
38:20 Imperial Age
39:44 Plate Barding Armor
39:32 Frontier Guards
39:35 Conscription
40:02 Crop Rotation
40:29 Plate Mail Armor
40:38 Ballistics
41:19 Chemistry
42:05 Elite Chakram Thrower
43:48 Murder Holes
wm_1938
1:13 Loom
14:51 Feudal Age
16:52 Double-Bit Axe
19:25 Castle Age
19:15 Stone Mining
22:18 Bow Saw
28:36 Gold Mining
29:52 Wheelbarrow
31:38 Gold Shaft Mining
36:28 Imperial Age
34:33 Hand Cart
34:57 Scale Barding Armor
35:03 Forging
35:28 Murder Holes
35:54 Ballistics
36:54 Chain Barding Armor
37:10 Iron Casting
37:33 Conscription
37:52 Hoardings
38:19 Chemistry
37:29 Husbandry
36:50 Cavalier
38:55 Caravan
38:21 Paladin
38:59 Arson
Connection lost

Rejoining the realm…

Still unreachable

The connection could not be restored.

Session expired

The server has moved on; the page needs a fresh start.